 Dungeon Crawl Stone Soup version 0.32-a0-933-ga8fa363 (webtiles) character file.

Game seed: 9147554156589478479

106 vykuza the Shooter (level 4, -3/35 HPs)
             Began as a Barachi Hunter on Apr 14, 2024.
             Slain by an orc
             ... wielding a +0 flail
              (5 damage)
             ... on level 3 of the Dungeon.
             The game lasted 00:03:30 (1861 turns).

vykuza the Shooter (Barachi Hunter)                 Turns: 1861, Time: 00:03:31

Health: -3/35      AC:  5    Str: 13    XL:     4   Next: 84%
Magic:  0/4        EV: 12    Int:  9    God:
Gold:   85         SH:  0    Dex: 17    Spells: 3/3 levels left

rFire   . . .        a - +0 shortbow
rCold   . . .        (shield currently unavailable)
rNeg    . . .        c - +0 leather armour
rPois   .            (no helmet)
rElec   .            s - +0 cloak
rCorr   .            (no gloves)
SInv    .            h - +0 pair of boots
Will    .....        m - amulet of guardian spirit
Stlth   ++           (no ring)
HPRegen 0.25/turn    (no ring)
MPRegen 0.09/turn

%: guardian spirit
@: lethally poisoned (-3 -> -6), slow
A: amphibious, slowness 1, strong legs 1, +LOS
a: Hop


You were on level 3 of the Dungeon.
You visited 1 branch of the dungeon, and saw 3 of its levels.

You collected 85 gold pieces.

Inventory:

Hand Weapons
 a - a +0 shortbow (weapon)
Armour
 c - a +0 leather armour (worn)
 h - a +0 pair of boots (worn)
 s - a +0 cloak (worn)
Jewellery
 m - an amulet of guardian spirit (around neck)
Wands
 g - a wand of mindburst (11)
Scrolls
 b - a scroll of butterflies
 d - a scroll of enchant armour {unknown}
 f - a scroll of identify {unknown}
 i - a scroll of teleportation {unknown}
 l - a scroll of fog {unknown}
 o - a scroll of vulnerability {unknown}
 r - a scroll of enchant weapon {unknown}
Potions
 e - a potion of berserk rage {unknown}
 j - 2 potions of curing {unknown}
 k - 2 potions of might {unknown}
 n - 2 potions of cancellation {unknown}
 p - a potion of magic {unknown}
 q - 2 potions of haste {unknown}


   Skills:
 + Level 3.5 Fighting
 + Level 4.6 Ranged Weapons
 + Level 3.2 Dodging
 + Level 2.2 Stealth


You had 3 spell levels left.
You didn't know any spells.
Your spell library contained the following spells:

 Spells                   Type           Power      Damage    Failure   Level
 Animate Armour           Summ/Erth      0%         N/A       99%         4
 Summon Lightning Spire   Summ/Air       0%         N/A       99%         4
 Lee's Rapid Deconstruct  Erth           0%         3d4*      100%        5


Dungeon Overview and Level Annotations

Branches:
Dungeon (3/15)

Altars:


Innate Abilities, Weirdness & Mutations

You are amphibious.
You cover ground slowly.
You can hop short distances.
You have an extended range of vision and can be seen from far away.


Message History

The orc wizard closely misses you.
You're too confused to move!
The orc barely misses you. The orc wizard barely misses you.
The orc closely misses you. The orc attacks as it pursues you!
The orc hits you with a +0 flail. The orc wizard barely misses you.
You're too confused to move!
The orc closely misses you.
The orc wizard hits you but does no damage.
You feel less confused. The orc attacks as it pursues you!
The orc closely misses you.
You shoot an arrow. The arrow hits the orc wizard.
The orc wizard is heavily wounded.
The orc closely misses you. The orc wizard barely misses you.
The orc barely misses you. x2
You shoot an arrow. The arrow hits the orc wizard.
The orc wizard is heavily wounded.
The orc hits you with a +0 flail!
The orc wizard casts a spell.
The orc wizard flickers and vanishes!
Deactivating autopickup; reactivate with Ctrl-A.
The orc hits you but does no damage. x2
You are poisoned.
The orc hits you with a +0 flail!
* * * LOW HITPOINT WARNING * * *
Something hits you but does no damage. The orc barely misses you.
You shoot an arrow.
* * * LOW HITPOINT WARNING * * *
You feel very sick. The orc barely misses you.
Something hits you but does no damage. The orc closely misses you. x2
You shoot an arrow.
* * * LOW HITPOINT WARNING * * *
You feel sick. The orc completely misses you.
Something hits you but does no damage. The orc hits you with a +0 flail.
* * * LOW HITPOINT WARNING * * *
The orc hits you with a +0 club.
* * * LOW HITPOINT WARNING * * *
You shoot an arrow.
* * * LOW HITPOINT WARNING * * *
You feel sick. The orc closely misses you. The orc hits you with a +0 flail.
You die...

#.. #.. ... #.# ####### #.#
###....... #######.#
###....##### ........#
##..oo#.#...#.##
......†.#####...@o.#.......#
####.##.......{..).......
#.<.>.....#.........?#...
#.##.##..##..........#
#.##....................
#.##.....................
#.##.#.......[####.......
#.##.##......## #......
#......#.)...# ......


You could see 3 orcs.

Vanquished Creatures
  Crazy Yiuf (D:2)
  2 adders (D:2)
  4 dart slugs
  An orc (D:3)
  2 endoplasms
  A giant cockroach (D:2)
  2 goblins
  7 hobgoblins
  4 jackals (D:1)
  4 kobolds
  3 quokkas
  5 ball pythons
  8 bats
  3 frilled lizards (D:2)
  2 rats (D:1)
49 creatures vanquished.

Notes
Turn   | Place    | Note
-------+----------+-------------------------------------------
     0 | D:1      | vykuza the Barachi Hunter began the quest for the Orb.
     0 | D:1      | Reached XP level 1. HP: 17/17 MP: 1/1
    80 | D:1      | Reached skill level 1 in Stealth
   105 | D:1      | Reached XP level 2. HP: 17/23 MP: 2/2
   530 | D:1      | Reached XP level 3. HP: 28/28 MP: 3/3
  1305 | D:2      | Reached XP level 4. HP: 22/35 MP: 4/4
  1541 | D:2      | Found a faded altar of an unknown god.
  1586 | D:2      | Found a runed translucent door.
  1587 | D:2      | Noticed Crazy Yiuf
  1742 | D:2      | Killed Crazy Yiuf
  1861 | D:3      | Slain by an orc

Illustrated notes

Levels and vault maps discovered:
D:1:      dpeg_arrival_three_same_balls, layout_basic, minmay_3d_cube
D:2:      layout_loops_ring, shapermc_ecumenical_altar_flowoftime,
          grunt_ministairs_1, minmay_crystal_room, uniq_crazy_yiuf_cottage
D:3:      layout_loops_ring, kennysheep_decorative_pillar

Skill      XL: |  1  2  3  4 |
---------------+-------------+-----
Stealth        | 1 2 |  2.2
Fighting       | 3 |  3.5
Dodging        | 3 |  3.2
Ranged Weapons | |  4.6

Action                     |  1- 3 |  4- 6 || total
---------------------------+-------+-------++-------
  Melee: Shortbow          |       |     1 ||     1
   Fire: Shortbow          |    98 |    58 ||   156
Ability: Hop               |     1 |       ||     1
 Armour: Leather armour    |    39 |    24 ||    63
  Dodge: Dodged            |    36 |    23 ||    59

Table legend: (Time is in decaauts)
 A = Elapsed time spent in this place.
 B = Non-inter-level travel time spent in this place.
 C = Inter-level travel time spent in this place.
 D = Time resting spent in this place.
 E = Time spent auto-exploring this place.
 F = Levels seen in this place.
 G = Mean time per level.
                   A        B        C        D        E       F      G
               +--------+--------+--------+--------+--------+-----+--------+
         Total |   2198 |   2107 |     91 |      0 |   1795 |   3 |  732.7 |
       Dungeon |   2198 |   2107 |     91 |      0 |   1795 |   3 |  732.7 |
               +--------+--------+--------+--------+--------+-----+--------+

Top non-repeatable levels by time:
     D:2: 1135 daAuts
     D:1: 1007 daAuts
     D:3: 55 daAuts
